 Dungeon Crawl Stone Soup version 0.31-a0-982-g1816016f30 (webtiles) character file.

Game seed: 13753410055965605121

215 BinkBink the Trooper (level 5, -1/48 HPs)
             Began as a Minotaur Monk on Nov 2, 2023.
             Slain by Pikel
             ... wielding a +0 whip of freezing
              (7 damage)
             ... on level 5 of the Dungeon.
             The game lasted 00:01:52 (1542 turns).

BinkBink the Trooper (Minotaur Monk)                Turns: 1542, Time: 00:01:52

Health: -1/48      AC:  2    Str: 17    XL:     5   Next: 60%
Magic:  4/4        EV: 13    Int:  7    God:
Gold:   169        SH:  0    Dex: 13    Spells: 4/4 levels left

rFire   . . .        a - +0 hand axe
rCold   . . .        d - orb {light}
rNeg    . . .        b - +0 robe
rPois   .            (helmet restricted)
rElec   .            (no cloak)
rCorr   .            (no gloves)
SInv    .            (no boots)
Will    .....        (no amulet)
Stlth   +            (no ring)
HPRegen 0.28/turn    (no ring)
MPRegen 0.09/turn

%: no passive effects
@: confused, ambrosia-drunk, glowing
A: horns 2, retaliatory headbutt
a: no special abilities


You were on level 5 of the Dungeon.
You visited 1 branch of the dungeon, and saw 4 of its levels.

You collected 169 gold pieces.

Inventory:

Hand Weapons
 a - a +0 hand axe (weapon)
Armour
 b - a +0 robe (worn)
 d - an orb of light (worn)
Scrolls
 e - a scroll of blinking {unknown}
 f - a scroll of identify {unknown}
 k - a scroll of enchant armour {unknown}
 l - 3 scrolls of fog {unknown}
 o - 2 scrolls of poison {unknown}
 p - a scroll of noise {unknown}
 q - a scroll of revelation {unknown}
 s - 3 scrolls of teleportation {unknown}
Potions
 g - a potion of lignification {unknown}
 h - a potion of attraction {unknown}
 i - a potion of cancellation {unknown}
 j - a potion of magic {unknown}
 m - 2 potions of curing {unknown}
 n - a potion of mutation {unknown}
 r - a potion of might {unknown}
 t - a potion of enlightenment {unknown}
 u - a potion of degeneration {unknown}


   Skills:
 + Level 5.4 Fighting
 + Level 5.3 Axes
 + Level 4.8 Dodging


You had 4 spell levels left.
You didn't know any spells.
Your spell library contained the following spells:

 Spells                   Type           Power      Damage    Failure   Level
 Apportation              Tloc           0%         N/A       43%         1
 Necrotise                Necr           0%         1d4       43%         1
 Sting                    Tmut/Pois      0%         1d3       43%         1
 Summon Small Mammal      Summ           0%         N/A       43%         1
 Lesser Beckoning         Tloc           0%         N/A       56%         2
 Poisonous Vapours        Pois/Air       0%         N/A       56%         2
 Gell's Gravitas          Tloc           0%         N/A       80%         3
 Teleport Other           Tloc           0%         N/A       80%         3
 Olgreb's Toxic Radiance  Pois           0%         N/A       99%         4


Dungeon Overview and Level Annotations

Branches:
Dungeon (3/15)

Altars:

Annotations:
D:5 Pikel


Innate Abilities, Weirdness & Mutations

You have a pair of horns on your head.
You reflexively headbutt those who attack you in melee.


Message History

The lemure is severely wounded.
You barely miss Pikel. You hit Pikel.
Pikel is lightly wounded.
Pikel barely misses you.
Pikel hits you with a +0 whip of freezing.
Pikel freezes you.
You hit Pikel but do no damage.
Pikel is lightly wounded.
Pikel hits you with a +0 whip of freezing.
Pikel freezes you.
You hit Pikel. You headbutt Pikel.
Pikel is moderately wounded.
Pikel hits you with a +0 whip of freezing!
Pikel freezes you.
You hit Pikel.
Pikel is moderately wounded.
Pikel barely misses you. You furiously retaliate!
You headbutt Pikel, but do no damage. You hit Pikel. You headbutt Pikel!
Pikel is heavily wounded.
Pikel hits you with a +0 whip of freezing!
* * * LOW HITPOINT WARNING * * *
Pikel freezes you.
* * * LOW HITPOINT WARNING * * *
You hit Pikel.
Pikel is severely wounded.
Pikel misses you. You furiously retaliate!
You headbutt Pikel, but do no damage. You barely miss Pikel.
You headbutt Pikel, but do no damage.
Pikel is severely wounded.
Pikel hits you with a +0 whip of freezing.
* * * LOW HITPOINT WARNING * * *
Pikel freezes you.
* * * LOW HITPOINT WARNING * * *
You are confused.
You feel invigorated.
Pikel hits you with a +0 whip of freezing!
You die...
Pikel says, "Another soul for the market."

#.###.....####
... #.....#
#### #.....#
#?....#
####.....#
......5.##
#..#.....#
#..#....S######
#. #....55K@..#
# #....5####.#
#.....# #
.......#
#.....#.#
........#
#.....### ....


You could see Pikel, 3 lemures and an adder.

Vanquished Creatures
  An ice beast (D:5)
  A lemure (D:5)
  An orc wizard (D:5)
  Robin (D:3)
  3 adders
  A dart slug (D:3)
  5 orcs (D:5)
  3 bats
  3 endoplasms
  13 goblins
  9 hobgoblins
  4 ball pythons
  A frilled lizard (D:3)
  3 kobolds
  4 rats
53 creatures vanquished.

Notes
Turn   | Place    | Note
-------+----------+-------------------------------------------
     0 | D:1      | BinkBink the Minotaur Monk began the quest for the Orb.
     0 | D:1      | Reached XP level 1. HP: 19/19 MP: 0/0
     2 | D:1      | Noticed a human
     2 | D:1      | Noticed a meteoran
     4 | D:1      | Noticed a felid
     4 | D:1      | Noticed a spriggan
     6 | D:1      | Noticed a naga
     6 | D:1      | Noticed a demonspawn
     8 | D:1      | Noticed an armataur
     8 | D:1      | Noticed a gargoyle
    10 | D:1      | Noticed a demigod
    10 | D:1      | Noticed a merfolk
    12 | D:1      | Noticed a formicid
    12 | D:1      | Noticed a troll
    14 | D:1      | Noticed a ghoul
    14 | D:1      | Noticed an octopode
    16 | D:1      | Noticed a draconian
    16 | D:1      | Noticed an ogre
    18 | D:1      | Noticed a vampire
    21 | D:1      | Noticed an elf
    23 | D:1      | Noticed a vine stalker
    23 | D:1      | Noticed a minotaur
    25 | D:1      | Noticed a tengu
    25 | D:1      | Noticed a tengu
    27 | D:1      | Noticed a demonspawn
    27 | D:1      | Noticed a demonspawn
   191 | D:1      | Reached XP level 2. HP: 24/27 MP: 1/1
   829 | D:2      | Reached XP level 3. HP: 33/33 MP: 2/2
  1132 | D:3      | Noticed Robin
  1163 | D:3      | Killed Robin
  1319 | D:3      | Reached XP level 4. HP: 41/41 MP: 3/3
  1401 | D:3      | You fall into a shaft and drop 2 floors!
  1401 | D:5      | Entered Level 5 of the Dungeon
  1433 | D:5      | Noticed a lemure
  1480 | D:5      | Killed a lemure
  1507 | D:5      | Noticed an ice beast
  1511 | D:5      | Noticed a lemure
  1512 | D:5      | Noticed Pikel
  1512 | D:5      | Noticed a lemure
  1513 | D:5      | Noticed a lemure
  1518 | D:5      | Killed an ice beast
  1519 | D:5      | Reached skill level 5 in Fighting
  1519 | D:5      | Reached skill level 5 in Axes
  1519 | D:5      | Reached XP level 5. HP: 44/48 MP: 4/4
  1541 | D:5      | HP: 2/48 [Pikel/+0 whip of freezing (1)]
  1542 | D:5      | Slain by Pikel

Illustrated notes

Levels and vault maps discovered:
D:1:      kb_arrival_jail, layout_rooms
D:2:      layout_loops_cross
D:3:      layout_loops_ring, vehumet_statue, uniq_robin, uniq_natasha,
          uniq_terence, uniq_sigmund
D:5:      layout_loops_cross, okawaru_metal_pillars_3, zin_statuary,
          lemuel_doored_altar, serial_shops, nicolae_stop_n_shop_2,
          nicolae_shop_gibbet_a_chance, nicolae_shop_stone, minmay_statues_item,
          uniq_pikel, uniq_grinder

Skill      XL: |  1  2  3  4 |
---------------+-------------+-----
Fighting       | 4 5 |  5.4
Axes           | 4 5 |  5.3
Dodging        | 4 |  4.8

Action                     |  1- 3 |  4- 6 || total
---------------------------+-------+-------++-------
  Melee: Hand axe          |    82 |    34 ||   116
         Headbutt          |    16 |    12 ||    28
    Use: Potion            |       |     1 ||     1
 Armour: Robe              |    38 |    18 ||    56
  Dodge: Dodged            |    39 |    23 ||    62

Table legend: (Time is in decaauts)
 A = Elapsed time spent in this place.
 B = Non-inter-level travel time spent in this place.
 C = Inter-level travel time spent in this place.
 D = Time resting spent in this place.
 E = Time spent auto-exploring this place.
 F = Levels seen in this place.
 G = Mean time per level.
                   A        B        C        D        E       F      G
               +--------+--------+--------+--------+--------+-----+--------+
         Total |   1551 |   1517 |     34 |     79 |   1096 |   4 |  387.8 |
       Dungeon |   1551 |   1517 |     34 |     79 |   1096 |   4 |  387.8 |
               +--------+--------+--------+--------+--------+-----+--------+

Top non-repeatable levels by time:
     D:2: 610 daAuts
     D:1: 485 daAuts
     D:3: 312 daAuts
     D:5: 142 daAuts
